 Dungeon Crawl Stone Soup version 0.22-a0-782-g038298e (webtiles) character file.

251 Hebeh the Conjurer (level 5, -5/28 HPs)
             Began as a Deep Elf Conjurer on July 20, 2018.
             Killed from afar by an orc wizard (10 damage)
             ... with a puff of frost
             ... on level 4 of the Dungeon.
             The game lasted 00:16:08 (4738 turns).

Hebeh the Conjurer (Deep Elf Conjurer)              Turns: 4738, Time: 00:16:09

Health: -5/28      AC:  4    Str:  5    XL:     5   Next: 88%
Magic:  10/15      EV: 13    Int: 21    God:
Gold:   141        SH:  0    Dex: 17    Spells: 5/16 levels left

rFire    . . .     SeeInvis .   p - +0 dagger (elec)
rCold    . . .     Gourm    .   (no shield)
rNeg     . . .     Faith    .   a - +0 robe
rPois    .         Spirit   .   g - +0 helmet
rElec    .         Reflect  .   (no cloak)
rCorr    .         Harm     .   (no gloves)
MR       .....                  f - +0 pair of boots
Stlth    ++........             (no amulet)
HPRegen  0.09/turn              (no ring)
MPRegen  0.14/turn              v - +2 ring of dexterity

@: no status effects
A: no striking features
a: no special abilities


You were on level 4 of the Dungeon.
You were not hungry.

You visited 1 branch of the dungeon, and saw 4 of its levels.

You collected 141 gold pieces.

Inventory:

Hand Weapons
 p - a +0 dagger of electrocution (weapon)
Missiles
 e - 8 javelins
 l - 29 arrows
 u - 6 javelins of returning (quivered)
Armour
 a - a +0 robe (worn)
 f - a +0 pair of boots (worn)
 g - a +0 helmet (worn)
Jewellery
 v - a +2 ring of dexterity (right hand)
Wands
 d - a wand of acid (3)
Scrolls
 b - 2 scrolls of teleportation
 h - a scroll of amnesia
 j - 6 scrolls of remove curse
 k - 4 scrolls of identify {unknown}
 m - 3 scrolls of fog {unknown}
 n - a scroll of magic mapping {unknown}
 o - a scroll of enchant armour {unknown}
Potions
 i - 2 potions of mutation {unknown}
 r - 2 potions of lignification {unknown}
 s - 2 potions of haste {unknown}
 w - a potion of heal wounds {unknown}
 x - a potion of invisibility {unknown}
Comestibles
 c - 5 rations


   Skills:
 + Level 0.3 Throwing
 - Level 2.4 Dodging
 - Level 2.4 Stealth
 + Level 6.2 Spellcasting
 + Level 6.3 Conjurations


You had 5 spell levels left.
You knew the following spells:

 Your Spells              Type           Power        Failure   Level  Hunger
a - Magic Dart            Conj           ####         1%          1    None
b - Iskenderun's Mystic   Conj           ####....     7%          4    ###....
c - Searing Ray           Conj           ####..       1%          2    None
d - Force Lance           Conj/Tloc      ###.....     26%         4    ###....

Your spell library contained the following spells:

 Spells                   Type           Power        Failure   Level  Hunger
 Fulminant Prism          Conj/Hex       ###.......   26%         4    ###....
 Dazzling Spray           Conj/Hex       ###...       8%          3    #......


Dungeon Overview and Level Annotations

Branches:
Dungeon (4/15)
 Temple: D:4-7

Altars:
Elyvilon
Fedhas
Sif Muna


Message History

Aiming: Magic Dart (safe; 1% risk of failure)
Press: ? - help, Shift-Dir - straight line, f/p - orc
Aim: an orc, wielding a hand axe and wearing a ring mail (heavily wounded)
The magic dart hits the orc.
You kill the orc!
You start resting.
A puff of frost appears from out of thin air!
The puff of frost hits you!
You start resting.
You hear some strange, mumbled words.
A puff of frost appears from out of thin air!
The puff of frost hits you!
* * * LOW HITPOINT WARNING * * *
Casting: Magic Dart (safe; 1% risk of failure)
Confirm with . or Enter, or press ? or * to list all spells.
You can't see any susceptible monsters within range! (Use Z to cast anyway.)
You hear some strange, mumbled words.
A puff of frost appears from out of thin air!
The puff of frost hits you!
You die...

### #@#
#....#
#..{...
#.).....
#.).....+
#.......#
#.......#
#.......#


There were no monsters in sight!

Vanquished Creatures
  An orc priest (D:3)
  Jessica (D:3)
  Robin (D:3)
  3 adders
  3 river rats (D:3)
  An ooze (D:2)
  2 worms (D:3)
  A dart slug (D:3)
  6 leopard geckos
  7 orcs
  4 ball pythons
  5 giant cockroaches
  14 goblins
  16 hobgoblins
  5 jackals
  2 quokkas (D:2)
  6 bats
  2 frilled lizards
  12 kobolds
  6 rats
98 creatures vanquished.

Notes
Turn   | Place    | Note
-------+----------+-------------------------------------------
     0 | D:1      | Hebeh the Deep Elf Conjurer began the quest for the Orb.
     0 | D:1      | Reached XP level 1. HP: 10/10 MP: 6/6
   209 | D:1      | Reached XP level 2. HP: 9/15 MP: 0/8
   518 | D:1      | Learned a level 2 spell: Searing Ray
  1011 | D:1      | Reached skill level 5 in Conjurations
  1011 | D:1      | Reached XP level 3. HP: 19/19 MP: 8/10
  1607 | D:2      | Found a deep blue altar of Sif Muna.
  1844 | D:2      | Reached XP level 4. HP: 24/24 MP: 10/12
  1871 | D:2      | Learned a level 4 spell: Iskenderun's Mystic Blast
  1876 | D:2      | Learned a level 4 spell: Force Lance
  2038 | D:2      | Found a blossoming altar of Fedhas.
  2346 | D:3      | Found a white marble altar of Elyvilon.
  2539 | D:3      | Reached skill level 5 in Spellcasting
  2633 | D:3      | Noticed Jessica
  2636 | D:3      | Killed Jessica
  2746 | D:3      | Reached XP level 5. HP: 24/28 MP: 7/14
  3158 | D:3      | Noticed Robin
  3216 | D:3      | Killed Robin
  4140 | D:3      | Found a white marble altar of Elyvilon.
  4738 | D:4      | Killed from afar by an orc wizard

Vault maps used:
D:1:      onia_arrival_pentagram
D:2:      lemuel_crystal_altar, lemuel_round_altar
D:3:      portal_sewer_entry_b, first_ration, elyvilon_altar_5, uniq_jessica,
          uniq_robin
D:4:      enter_ossuary_3

Skill      XL: |  1  2  3  4  5 |
---------------+----------------+-----
Spellcasting   | 4 5 6 |  6.2
Conjurations   | 5 6 |  6.3
Throwing       | |  0.3
Dodging        | |  2.4
Stealth        | |  2.4

Action                   |  1- 3 |  4- 6 || total
-------------------------+-------+-------++-------
Melee: Unarmed           |     4 |       ||     4
 Cast: Magic Dart        |    89 |   102 ||   191
       Searing Ray       |     1 |     2 ||     3
       Iskenderun's Myst |       |     3 ||     3
  Use: Scroll            |       |     3 ||     3
  Eat: Chunk             |     3 |     9 ||    12
Armor: Robe              |     1 |     2 ||     3
Dodge: Dodged            |     7 |     8 ||    15

Table legend:
 A = Spawn XP
 B = Non-spawn XP
 C = Spawn XP percentage of total XP
 D = Spawn monster count
 E = Non-spawn monster count
 F = Spawn count percentage of total count
 G = Total turns spent on level
                    A         B        C        D         E        F      G
               +---------+---------+-------+---------+---------+-------+---------
         Total |       0 |     359 |   0.0 |       0 |      98 |   0.0 |  4738
               +---------+---------+-------+---------+---------+-------+---------
           D:1 |       0 |      44 |   0.0 |       0 |      24 |   0.0 |  1179
           D:2 |       0 |      63 |   0.0 |       0 |      25 |   0.0 |  1144
           D:3 |       0 |     246 |   0.0 |       0 |      47 |   0.0 |  2404
           D:4 |       0 |       6 |   0.0 |       0 |       2 |   0.0 |    11
               +---------+---------+-------+---------+---------+-------+---------
